 Dungeon Crawl Stone Soup version 0.18-a0-1655-ge2d8d33 (webtiles) character file.

319 M4edhros the Covert (level 6, -1/38 HPs)
             Began as an Octopode Wanderer on Mar 30, 2016.
             Killed from afar by an orc wizard (8 damage)
             ... with a magic dart
             ... on level 4 of the Dungeon.
             The game lasted 00:07:03 (1924 turns).

M4edhros the Covert (Octopode Wanderer)             Turns: 1924, Time: 00:07:04

Health: -1/38      AC:  1    Str: 13    XL:     6   Next: 46%
Magic:  9/9        EV: 12    Int: 16    God:
Gold:   137        SH:  0    Dex: 15    Spells: 3 memorised, 2 levels left

rFire  . . .     SeeInvis .     j - +3 dagger
rCold  . . .     Gourm    .     (no shield)
rNeg   . . .     Faith    .     (helmet restricted)
rPois  .         Spirit   .     (no amulet)
rElec  .         Dismiss  .     m - +5 ring of intelligence
rCorr  .         Reflect  .     (no ring)
SustAt .         Harm     .     (no ring)
MR     .....                    (no ring)
Stlth  ++++++....               (no ring)
                                (no ring)
                                (no ring)
                                (no ring)

@: very slightly contaminated, hasted, very quick, not resistant to hostile
enchantments, very stealthy
A: almost no armour, amphibious, 8 rings, constrict 8, camouflage 1, gelatinous
body 1
a: no special abilities


You were on level 4 of the Dungeon.
You were not hungry.

You visited 1 branch of the dungeon, and saw 4 of its levels.

You collected 137 gold pieces.

Inventory:

Hand Weapons
 b - a +0 quarterstaff
 d - a +0 dagger
 j - a +3 dagger (weapon)
 C - a +2 mace of protection
Missiles
 g - 33 sling bullets
 l - 144 stones (quivered)
Jewellery
 m - a +5 ring of intelligence (left tentacle)
 y - an uncursed ring of ice
Wands
 a - a wand of confusion (14/48)
Scrolls
 i - 2 scrolls of identify {unknown}
 k - a scroll of immolation {unknown}
 p - 2 scrolls of enchant armour {unknown}
 r - a scroll of teleportation {unknown}
 u - a scroll of fog {unknown}
 v - a scroll of magic mapping {unknown}
 x - a scroll of enchant weapon {unknown}
 B - a scroll of remove curse {unknown}
Potions
 e - 2 potions of cancellation {unknown}
 h - 2 potions of haste
 n - a potion of cure mutation {unknown}
 o - 2 potions of curing {unknown}
 s - a potion of ambrosia {unknown}
 t - a potion of lignification {unknown}
 A - a potion of brilliance {unknown}
Books
 c - the Disquisition on Flight

   Spells                             Type                      Level
   a - Shock                          Conjuration/Air              1
   b - Repel Missiles                 Charms/Air                   2
 q - a book of the Sky

   Spells                             Type                      Level
   a - Summon Lightning Spire         Summoning/Air                4
   b - Airstrike                      Air                          4
   c - Silence                        Hexes/Air                    5
   d - Deflect Missiles               Charms/Air                   6
   e - Conjure Ball Lightning         Conjuration/Air              6
   f - Tornado                        Air                          9
Comestibles
 f - 3 bread rations
 w - 2 fruits
 z - a meat ration
 D - 2 chunks of flesh


   Skills:
 - Level 1.0 Fighting
   Level 2.0 Polearms
 - Level 1.0 Dodging
 + Level 8.9 Stealth
 - Level 2.0 Spellcasting
 * Level 1.9 Air Magic
   Level 1.2 Poison Magic
 - Level 1.1 Evocations


You had 2 spell levels left.
You knew the following spells:

 Your Spells              Type           Power        Failure   Level  Hunger
a - Shock                 Conj/Air       #...         17%         1    #......
b - Repel Missiles        Chrm/Air       #.....       24%         2    ###....
c - Airstrike             Air            #.........   91%         4    #####..


Dungeon Overview and Level Annotations

Branches:
Dungeon (4/15)
 Temple: D:4-7

Altars:

Annotations:
D:4 Ratboiler's ghost, amateur HaWn


Innate Abilities, Weirdness & Mutations

You cannot wear most types of armour.
You are amphibious.
You can wear up to eight rings at the same time.
You can use your tentacles to constrict eight enemies at once.
Your skin changes colour to match your surroundings (Stealth).
Your rubbery body absorbs attacks (AC +1).


Message History

You kill the orc!
The orc wizard gestures wildly while chanting.
The orc wizard blinks!
You are very lightly contaminated with residual magic.
Evoke which item? (* to show all) (? for menu, Esc to quit)
Okay, then.
You hit the orc wizard. Your grab misses the orc wizard.
The orc wizard is moderately wounded.
The orc wizard hits you with a dagger.
* * * LOW HITPOINT WARNING * * *
You barely miss the orc wizard. Your grab misses the orc wizard.
The orc wizard is moderately wounded.
The orc wizard hits you but does no damage.
Unknown command.
You closely miss the orc wizard. Your grab misses the orc wizard.
Your squeeze misses the orc wizard.
The orc wizard is moderately wounded.
The orc wizard points at you and mumbles some strange words.
The magic dart hits you!
You die...

#.#.#.#.###.#.....)######
.#.#.#.#...............>#
#.#.#.#........##########
.#.#.#+........#
#.#.#.#........########
.#.#.#.#+####.........#
#.#.#.#.# #.........#
.#.#.#.#.####.........#
#.#.#.#.##.....o@.)...#
.#.#.#?#r#.......)....#
#.#.#.#.##............#
.#.#.#.#...............#
#.#.#.#.#....#.#######.#
.#.#.#.#...###. .#
#.#.#.#. . #. # .#.#.#+
#. #.#.#.


You could see an orc wizard.

Vanquished Creatures
  Purgy (D:3)
  Dowan (D:4)
  An orc priest (D:4)
  A worker ant (D:4)
  3 gnolls (D:2)
  4 adders
  A worm (D:3)
  A dart slug (D:3)
  A giant gecko (D:2)
  5 orcs
  8 giant cockroaches
  2 goblins (D:1)
  6 hobgoblins
  A quokka (D:2)
  5 bats
  6 giant newts
  3 kobolds
  7 rats
57 creatures vanquished.

Notes
Turn   | Place    | Note
--------------------------------------------------------------
     0 | D:1      | M4edhros the Octopode Wanderer began the quest for the Orb.
     0 | D:1      | M4edhros set off with: a wand of confusion (15/48), a +0 quarterstaff, the Disquisition on Flight, a +0 dagger, a bread ration
     0 | D:1      | Reached XP level 1. HP: 13/13 MP: 3/3
    84 | D:1      | Reached skill level 3 in Stealth
   145 | D:1      | Reached XP level 2. HP: 18/18 MP: 5/5
   223 | D:1      | Reached skill level 4 in Stealth
   810 | D:2      | Reached XP level 3. HP: 23/23 MP: 6/6
   832 | D:2      | Reached skill level 5 in Stealth
   854 | D:2      | Reached skill level 6 in Stealth
   854 | D:2      | Reached XP level 4. HP: 28/28 MP: 7/7
  1178 | D:3      | Found a faded altar to an unknown god.
  1237 | D:3      | Noticed Purgy
  1249 | D:3      | Killed Purgy
  1249 | D:3      | Reached skill level 8 in Stealth
  1249 | D:3      | Reached XP level 5. HP: 19/33 MP: 8/8
  1497 | D:4      | Noticed Ratboiler's ghost (amateur HaWn)
  1685 | D:4      | Identified the Disquisition on Flight
  1687 | D:4      | Learned a level 1 spell: Shock
  1690 | D:4      | Learned a level 2 spell: Repel Missiles
  1695 | D:4      | Learned a level 4 spell: Airstrike
  1749 | D:4      | Reached XP level 6. HP: 38/38 MP: 9/9
  1750 | D:4      | Noticed Dowan
  1751 | D:4      | Reached skill level 1 in Air Magic
  1821 | D:4      | Killed Dowan
  1924 | D:4      | Killed from afar by an orc wizard

Vault maps used:
D:1:      lightli_molten_gateway, kennysheep_pointless_box, minivault_24
D:3:      lemuel_doored_altar, first_bread, ecumenical_altar_2, tgw_xom,
          uniq_purgy
D:4:      uniq_menkaure, uniq_duvessa

Skill      XL: |  1  2  3  4  5  6 |
---------------+-------------------+-----
Stealth        | 3 4 6 8 |  8.9
Air Magic      | 1 |  1.9
Fighting       | |  1.0
Polearms       | |  2.0
Dodging        | |  1.0
Spellcasting   | |  2.0
Poison Magic   | |  1.2
Evocations     | |  1.1

Action                   |  1- 3 |  4- 6 || total
-------------------------+-------+-------++-------
Melee: Quarterstaff      |     8 |       ||     8
       Dagger            |    25 |    56 ||    81
Evoke: Wand              |       |     1 ||     1
  Use: Potion            |       |     1 ||     1
 Stab: Sleeping          |    19 |    18 ||    37
       Confused          |       |     1 ||     1
       Distracted        |       |     1 ||     1
  Eat: Chunk             |       |     3 ||     3
